 Dungeon Crawl Stone Soup version 0.18-a0-662-gcaceebc (webtiles) character file.

263 Ace the Shooter (level 5, -6/36 HPs)
             Began as a High Elf Hunter on Dec 5, 2015.
             Was an Initiate of the Shining One.
             Killed by nerve-wracking pain
             ... invoked by Grinder
              (13 damage)
             ... while paralysed by Grinder
             ... on level 3 of the Dungeon.
             The game lasted 00:10:52 (5733 turns).

Ace the Shooter (High Elf Hunter)                   Turns: 5733, Time: 00:10:52

Health: -6/36      AC:  4    Str: 11    XL:     5   Next: 97%
Magic:  6/6        EV:  2    Int: 15    God:    the Shining One [......]
Gold:   115        SH:  0    Dex: 16    Spells: 0 memorised, 4 levels left

rFire  . . .     SeeInvis .     a - +1 shortbow
rCold  . . .     Clarity  .     c - +0 leather armour
rNeg   . . .     SustAt   .     (shield currently unavailable)
rPois  .         Gourm    .     (no helmet)
rElec  .         Spirit   .     q - +0 cloak
rCorr  .         Dismiss  .     (no gloves)
rMut   .         Stasis   .     (no boots)
MR     .....                    (no amulet)
Stlth  ++........               (no ring)
                                (no ring)

@: paralysed, not resistant to hostile enchantments, unstealthy
A: no striking features
a: Renounce Religion


You were on level 3 of the Dungeon.
You worshipped the Shining One.
The Shining One was noncommittal.
You were not hungry.

You visited 1 branch of the dungeon, and saw 3 of its levels.

You collected 115 gold pieces.

Inventory:

Hand Weapons
 a - a +1 shortbow (weapon)
 b - a +0 short sword
Missiles
 d - 13 arrows (quivered)
Armour
 c - a +0 leather armour (worn)
 q - a +0 cloak (worn)
Jewellery
 f - an uncursed ring of protection from cold {unknown}
 g - an uncursed amulet of the gourmand {unknown}
 p - an uncursed ring of positive energy {unknown}
Scrolls
 h - 2 scrolls of identify {unknown}
 i - 2 scrolls of remove curse {unknown}
 l - a scroll of blinking {unknown}
 s - a scroll of noise {unknown}
Potions
 j - a potion of ambrosia {unknown}
 m - a potion of curing {unknown}
 n - a potion of flight {unknown}
 o - a potion of haste
 r - a potion of might {unknown}
Comestibles
 e - 3 bread rations
 k - 5 fruits
 t - a chunk of flesh
 u - a slice of pizza


   Skills:
 + Level 3.4 Fighting
 - Level 2.0 Short Blades
 + Level 7.2 Bows
 - Level 1.0 Armour
 + Level 3.7 Dodging
 - Level 1.1 Stealth


You had 4 spell levels left.
You didn't know any spells.

Dungeon Overview and Level Annotations

Branches:
Dungeon (3/15)

Altars:
The Shining One

Annotations:
D:3 Grinder


Message History

Firing (i - inventory):
d - 16 arrows (quivered)
Press: ? - help, Shift-Dir - straight line, f/p - Grinder
Aim: Grinder (heavily wounded)
You shoot an arrow. The arrow hits Grinder.
Grinder is severely wounded.
Firing (i - inventory):
d - 15 arrows (quivered)
Press: ? - help, Shift-Dir - straight line, f/p - Grinder
Aim: Grinder (severely wounded)
You shoot an arrow.
The arrow hits Grinder but does no damage.
Grinder is severely wounded.
Firing (i - inventory):
d - 14 arrows (quivered)
Press: ? - help, Shift-Dir - straight line, f/p - Grinder
Aim: Grinder (severely wounded)
You shoot an arrow. The arrow closely misses Grinder.
Grinder gestures at you.
You suddenly lose the ability to move!
Grinder gestures at you. Pain shoots through your body!
You die...

#######.....# #######(#.#
.....##.....###....#...(#
......+.......'..........
..###.#.....###..........
..# #.#.....# #.....(##
..# #..####.# #....(.#
..# ##.# #.# #...5..# #.#
#.##########(...#
#.####.##...##..@...?#
#.....##.....##(.....#
#######.......#..##..# #
#..._...#..# ..# #
#.......#..# ..# #
##.....##..# ..#
###...##...+...# #.##.##
...##.# #.#..# #.#


You could see Grinder.

Vanquished Creatures
  Ijyb (D:2)
  Natasha (thrice) (D:2)
  4 adders
  8 gnolls
  2 oozes
  5 worms
  A giant gecko (D:1)
  An orc (D:3)
  2 giant cockroaches
  7 goblins
  8 hobgoblins
  3 jackals (D:2)
  4 kobolds
  A quokka (D:2)
  8 bats
  5 giant newts
  11 rats
74 creatures vanquished.

Notes
Turn   | Place    | Note
--------------------------------------------------------------
     0 | D:1      | Ace the High Elf Hunter began the quest for the Orb.
     0 | D:1      | Reached XP level 1. HP: 14/14 MP: 2/2
   232 | D:1      | Reached XP level 2. HP: 19/19 MP: 3/3
  1142 | D:1      | Reached skill level 6 in Bows
  1335 | D:2      | Noticed Natasha
  1342 | D:2      | Killed Natasha
  1342 | D:2      | Reached skill level 1 in Armour
  1342 | D:2      | Reached XP level 3. HP: 24/24 MP: 4/4
  1484 | D:2      | Noticed Ijyb
  1569 | D:2      | Killed Ijyb
  1569 | D:2      | Reached XP level 4. HP: 7/30 MP: 5/5
  2478 | D:2      | Reached XP level 5. HP: 24/36 MP: 6/6
  2645 | D:2      | Reached skill level 1 in Short Blades
  2867 | D:2      | Noticed Natasha
  2897 | D:2      | Killed Natasha
  3154 | D:2      | Noticed Natasha
  3160 | D:2      | Killed Natasha
  4880 | D:2      | Reached skill level 7 in Bows
  5350 | D:3      | Found a glowing golden altar of the Shining One.
  5406 | D:3      | Became a worshipper of the Shining One
  5713 | D:3      | Noticed Grinder
  5715 | D:3      | Paralysed by Grinder for 2 turns
  5732 | D:3      | Paralysed by Grinder for 5 turns
  5733 | D:3      | Killed from afar by Grinder

Vault maps used:
D:1:      minmay_arrival_five_plusses, hex_large, minivault_25
D:2:      uniq_iyjb, uniq_natasha
D:3:      lemuel_coloured_pillars_altar, old_standard_altar, lemuel_round_altar,
          minmay_misc_feat_enclosed, item_on_display_a, uniq_grinder

Action                   |  1- 3 |  4- 6 || total
-------------------------+-------+-------++-------
Melee: Short sword       |    66 |   209 ||   275
 Fire: Shortbow          |    60 |    59 ||   119
  Use: Potion            |     1 |       ||     1
  Eat: Chunk             |     1 |    14 ||    15
